 Dungeon Crawl Stone Soup version 0.31.0-7-gf635a9b802 (webtiles) character file.

Game seed: 2223384240589192514

996 LobsterGuardian the Caller (level 8, 0/43 HPs)
             Began as a Gargoyle Summoner on Jan 24, 2024.
             Splashed by a jelly's acid (5 damage)
             ... on level 5 of the Dungeon.
             The game lasted 00:13:05 (5018 turns).

LobsterGuardian the Caller (Gargoyle Summoner)      Turns: 5018, Time: 00:13:06

Health: 0/43       AC:  4    Str: 11 (13) XL:     8   Next: 19%
Magic:  5/15       EV: 12    Int: 16 (17) God:
Gold:   226        SH:  0    Dex: 10      Spells: 10/16 levels left

rFire   . . .        c - +0 dagger
rCold   . . .        g - orb {light}
rNeg    + . .        a - +0 robe
rPois   ∞            m - +0 helmet
rElec   +            (no cloak)
rCorr   .            (no gloves)
SInv    .            (no boots)
Will    .....        (no amulet)
Stlth   +            (no ring)
HPRegen 0.27/turn    (no ring)
MPRegen 0.14/turn

%: no passive effects
@: corroded, unable to call your familiar, glowing
A: sickness immunity, AC +5, negative energy resistance 1, electricity
resistance, torment resistance 1, petrification resistance
a: no special abilities


You were on level 5 of the Dungeon.
You visited 1 branch of the dungeon, and saw 5 of its levels.

You collected 226 gold pieces.

Inventory:

Hand Weapons
 c - a +0 dagger (weapon)
Armour
 a - a +0 robe (worn)
 g - an orb of light (worn)
 m - a +0 helmet (worn)
Jewellery
 i - a ring of magical power
 p - an amulet of reflection
Scrolls
 h - a scroll of amnesia
 l - a scroll of vulnerability
 o - a scroll of immolation
Potions
 b - 2 potions of magic
 d - a potion of degeneration


   Skills:
 + Level 1.3 Fighting
 + Level 1.6 Short Blades
 + Level 2.7 Dodging
 - Level 3.0 Stealth
 + Level 4.8 Spellcasting
 * Level 7.0 Summonings


You had 10 spell levels left.
You knew the following spells:

 Your Spells              Type           Power      Damage    Failure   Level
a - Summon Small Mammal   Summ           100%       N/A       1%          1
b - Call Imp              Summ           52%        N/A       1%          2
c - Call Canine Familiar  Summ           26%        N/A       2%          3

Your spell library contained the following spells:

 Spells                   Type           Power      Damage    Failure   Level
 Summon Ice Beast         Ice/Summ       15%        N/A       11%         3
 Apportation              Tloc           6%         N/A       16%         1
 Blink                    Tloc           6%         N/A       24%         2
 Jinxbite                 Hex            6%         N/A       24%         2
 Lesser Beckoning         Tloc           6%         N/A       24%         2
 Momentum Strike          Conj/Tloc      6%         3d8       24%         2
 Martyr's Knell           Necr/Summ      15%        N/A       36%         4
 Summon Blazeheart Golem  Fire/Summ      15%        N/A       36%         4
 Summon Lightning Spire   Summ/Air       15%        N/A       36%         4
 Hailstorm                Conj/Ice       3%         3d5       43%         3
 Dispel Undead            Necr           3%         3d7       83%         4
 Alistair's Intoxication  Alch           2%         N/A       99%         5
 Yara's Violent Unravell  Hex/Alch       1%         3d3       99%         5
 Death Channel            Necr           1%         N/A       100%        6
 Sculpt Simulacrum        Ice/Alch       1%         N/A       100%        6
 Enfeeble                 Hex            1%         N/A       100%        7
 Cigotuvi's Dreadful Rot  Necr/Alch/Air  Unusable   N/A       N/A         2

Dungeon Overview and Level Annotations

Branches:
Dungeon (5/15)
 Temple: D:4-7

Altars:
Kikubaaqudgha

Shops:
D:2 [


Innate Abilities, Weirdness & Mutations

You are immune to sickness and miasma.
Your stone body is resilient. (AC +5)
You are immune to poison.
You resist negative energy. (rN+)
You are resistant to electric shocks. (rElec)
You are resistant to unholy torment.
You are immune to petrification.


Message History

The air fills with toxic fumes!
As you read the scroll of poison, it crumbles to dust.
The killer bee stings your rat!
Your rat dies!
Your rat's corpse disappears in a puff of smoke!
Casting: Summon Small Mammal (safe; 1% risk of failure)
Confirm with . or Enter, or press ? or * to list all spells.
A tiny devil pulls itself out of the air.
The killer bee stings you but does no damage.
Unknown command.
Unknown command.
You hit the killer bee.
The killer bee is moderately wounded.
The killer bee stings you but does no damage. x2
Unknown command.
Okay, then.
Unknown command.
Sorry, you're not good enough to have a special ability.
Unknown command.
You barely miss the killer bee.
The killer bee is moderately wounded.
The killer bee closely misses you.
Your cerulean imp hits the killer bee but does no damage.
The killer bee misses you.
You hit the jelly.
Your hands burn!
The jelly is moderately wounded.
The killer bee stings you but does no damage.
Your cerulean imp hits the killer bee but does no damage.
The killer bee barely misses you. The jelly hits you. The acid corrodes you!
You are splashed with acid.
Unknown command.
Casting: Call Imp (safe; 1% risk of failure)
Confirm with . or Enter, or press ? or * to list all spells.
The killer bee stings you!
* * * LOW HITPOINT WARNING * * *
Your cerulean imp barely misses the killer bee.
The killer bee misses you. The jelly closely misses you.
Unknown command.
You hit the jelly.
Your hands burn!
You die...

#§§§§§§§§§#§§§
#§☼§§§☼§§§#☼§
##8§§☼8☼§§§§
#§§§8☼§§☼§§
#§§§§§§§§§
#§§§§§§b§#
#§☼☼§§J5#
#☼☼§§@☼#
#§#§§§y§#
#§#§yy§#
##§#§y§#
##§#y.#
##.#☼.......
##.##..#### ..
.... ... ####


You could see a jelly (ally target), 5 killer bees, a friendly cerulean imp
(summoned) and a friendly bat (summoned).

Vanquished Creatures
  An ogre (D:4)
  A hound (D:4)
  An adder (D:2)
  An orc (D:3)
  2 endoplasms
  4 giant cockroaches
  2 goblins (D:2)
  A hobgoblin (D:4)
  5 kobolds
  2 quokkas
  5 ball pythons
  A bat (D:2)
  2 frilled lizards
  2 rats (D:2)
30 creatures vanquished.

Vanquished Creatures (collateral kills)
  Sigmund (D:3)
  Eustachio (D:4)
  Menkaure (D:4)
  A sky beast (D:4)
  An ogre (D:4)
  2 orc priests (D:4)
  An iguana (D:4)
  An orc wizard (D:4)
  4 gnolls (D:4)
  4 adders
  A white imp (D:4)
  A dart slug (D:3)
  A ribbon worm (D:2)
  3 orcs
  2 bats (D:2)
  6 endoplasms
  3 giant cockroaches
  3 goblins
  4 hobgoblins
  A kobold (D:3)
  A quokka (D:2)
  A ball python (D:2)
  3 rats
47 creatures vanquished.

Grand Total: 77 creatures vanquished

Notes
Turn   | Place    | Note
-------+----------+-------------------------------------------
     0 | D:1      | LobsterGuardian the Gargoyle Summoner began the quest for
                  | the Orb.
     0 | D:1      | Reached XP level 1. HP: 10/10 MP: 3/3
   312 | D:1      | Reached XP level 2. HP: 12/15 MP: 3/5
   315 | D:1      | Reached skill level 4 in Summonings
   318 | D:1      | Learned a level 2 spell: Call Imp
  1201 | D:2      | Reached XP level 3. HP: 18/19 MP: 3/6
  1233 | D:2      | Learned a level 3 spell: Call Canine Familiar
  1670 | D:2      | Found Ykuan Efaoz's Antique Armour Boutique.
  2263 | D:3      | Reached XP level 4. HP: 19/24 MP: 1/7
  2649 | D:3      | Found an ancient bone altar of Kikubaaqudgha.
  3001 | D:3      | Noticed Sigmund
  3029 | D:3      | Killed Sigmund
  3030 | D:3      | Reached skill level 5 in Summonings
  3030 | D:3      | Reached XP level 5. HP: 16/28 MP: 2/9
  3030 | D:3      | Reached XP level 6. HP: 19/33 MP: 2/10
  3216 | D:4      | Reached skill level 1 in Short Blades
  3612 | D:4      | Noticed Eustachio
  3664 | D:4      | Killed Eustachio
  3665 | D:4      | Reached skill level 6 in Summonings
  3665 | D:4      | Reached XP level 7. HP: 7/37 MP: 4/12
  4093 | D:4      | Reached skill level 1 in Fighting
  4274 | D:4      | Noticed Menkaure
  4298 | D:4      | Killed Menkaure
  4453 | D:4      | Reached XP level 8. HP: 21/43 MP: 0/14
  4887 | D:4      | Reached skill level 7 in Summonings
  4987 | D:5      | Entered Level 5 of the Dungeon
  5018 | D:5      | Splashed by a jelly's acid

Illustrated notes

Levels and vault maps discovered:
D:1:      mrwooster_arrival_statue_2, layout_basic
D:2:      layout_basic, serial_rivers, chequers_serial_rivers_micro_a,
          chequers_serial_rivers_small_b, chequers_serial_rivers_micro_c,
          chequers_serial_rivers_marsh, chequers_serial_rivers_room_b,
          chequers_serial_rivers_micro_d, serial_shops, shop
D:3:      layout_basic, lemuel_doored_altar, uniq_sigmund
D:4:      layout_basic, minivault_14, serial_library_hellmonk_double_dead_end,
          palyth_stone_intersect, uniq_menkaure, uniq_eustachio
D:5:      wad_pebble_path, layout_basic, minmay_temple_entry_mini_moons,
          portal_sewer_entry_a, ebering_ghost_inner_flame,
          minmay_misc_feat_plants, uniq_prince_ribbit1

Skill      XL: |  1  2  3  4  5  6  7  8 |
---------------+-------------------------+-----
Summonings     | 4 5 6 7 |  7.0
Dodging        | 2 |  2.7
Spellcasting   | 3 4 |  4.8
Short Blades   | 1 |  1.6
Fighting       | 1 |  1.3
Stealth        | 3 |  3.0

Action                     |  1- 3 |  4- 6 |  7- 9 || total
---------------------------+-------+-------+-------++-------
  Melee: Dagger            |    89 |    96 |    55 ||   240
         Unarmed           |    12 |       |       ||    12
   Cast: Summon Small Mamm |    10 |     7 |    14 ||    31
         Call Imp          |    20 |    16 |    14 ||    50
         Call Canine Famil |     3 |     4 |     9 ||    16
    Use: Scroll            |     3 |     2 |     7 ||    12
         Potion            |       |     1 |     2 ||     3
   Stab: Sleeping          |       |     1 |       ||     1
 Armour: Robe              |    66 |    62 |    44 ||   172
  Dodge: Dodged            |    81 |    71 |    37 ||   189
